Map: Echo LE (Void)

Players

ShoWTimE - Winner!

  • Race: Protoss Protoss
  • Spawn Location: 5:00

TYTY (TY)

  • Race: Terran Terran
  • League: Diamond
  • Spawn Location: 11:00

Event: WESG 2016 Finals

VOD

https://www.youtube.com/watch?v=IAXhUb60l10

Description

Time

  • Played on: Jan. 12, 2017, 10:07 p.m.
  • Length: 13:42

All games in this series

Show
View Real Time Build Order
Export as new Build Order

ShoWTimE Protoss - Winner!

Build Orders: 1 Gate Expand, Oracle Opening, Phoenix Opening 

Get SALT Encoding   

  12  0:00  Probe (Chrono Boost)  
  13  0:11  Probe (Chrono Boost)  
  14  0:17  Pylon  
  14  0:22  Probe (Chrono Boost)  
  16  0:35  Probe (Chrono Boost)  
  16  0:38  Gateway  
  16  0:46  Assimilator  
  16  0:47  Probe (Chrono Boost)  
  17  0:58  Probe (Chrono Boost)  
  18  1:08  Probe (Chrono Boost)  
  19  1:22  Nexus  
  19  1:24  Probe (Chrono Boost)  
  20  1:34  Cybernetics Core  
  20  1:36  Probe (Chrono Boost)  
  21  1:43  Assimilator  
  22  1:47  Probe (Chrono Boost)  
  22  1:52  Pylon  
  22  1:57  Probe (Chrono Boost)  
  23  2:07  Adept  
  23  2:10  Warp Gate  
  23  2:12  Probe (Chrono Boost)  
  27  2:24  Probe (Chrono Boost)  
  27  2:32  Stargate, Adept  
  27  2:34  Probe (Chrono Boost)  
  31  2:38  Probe (Chrono Boost)  
  31  2:45  Probe (Chrono Boost)  
  31  2:50  Probe (Chrono Boost)  
  33  2:55  Probe (Chrono Boost)  
  34  3:00  Probe (Chrono Boost)  
  34  3:05  Gateway x2  
  35  3:06  Probe (Chrono Boost)  
  35  3:12  Probe (Chrono Boost)  
  37  3:13  Oracle, Pylon  
  41  3:21  Probe (Chrono Boost)  
  41  3:24  Mothership Core (Chrono Boost)  
  43  3:31  Adept  
  43  3:33  Probe (Chrono Boost)  
  46  3:39  Pylon  
  46  3:43  Probe (Chrono Boost), Assimilator  
  46  3:45  Probe (Chrono Boost)  
  48  3:50  Phoenix, Pylon  
  48  3:54  Probe (Chrono Boost)  
  52  3:57  Probe (Chrono Boost)  
  52  4:04  Probe (Chrono Boost)  
  52  4:09  Probe (Chrono Boost)  
  54  4:15  Probe (Chrono Boost)  
  54  4:16  Phoenix  
  55  4:21  Probe (Chrono Boost)  
  55  4:22  Adept x2  
  62  4:26  Probe (Chrono Boost)  
  62  4:33  Probe (Chrono Boost)  
  62  4:36  Probe (Chrono Boost)  
  62  4:38  Phoenix  
  66  4:47  Probe (Chrono Boost)  
  66  4:48  Pylon  
  66  4:49  Probe (Chrono Boost)  
  66  4:55  Robotics Facility  
  66  4:57  Assimilator  
  66  4:59  Probe (Chrono Boost)  
  67  5:01  Phoenix, Nexus  
  67  5:03  Probe (Chrono Boost)  
  70  5:08  Sentry  
  70  5:13  Pylon  
  73  5:14  Probe (Chrono Boost)  
  73  5:16  Twilight Council  
  73  5:17  Probe (Chrono Boost)  
  74  5:21  Forge  
  74  5:25  Probe (Chrono Boost)  
  77  5:33  Probe (Chrono Boost)  
  77  5:35  Probe (Chrono Boost), Pylon  
  77  5:40  Protoss Ground Weapons Level 1  
  77  5:42  Resonating Glaives  
  77  5:43  Observer  
  77  5:45  Probe (Chrono Boost)  
  77  5:46  Probe (Chrono Boost)  
  77  5:48  Gateway  
  80  5:50  Gateway  
  80  5:59  Probe (Chrono Boost)  
  80  6:00  Probe (Chrono Boost)  
  80  6:02  Phoenix  
  84  6:09  Gateway  
  84  6:12  Gateway  
  84  6:13  Gateway  
  84  6:14  Immortal  
  88  6:22  Pylon  
  88  6:26  Sentry  
  88  6:28  Pylon  
  88  6:29  Phoenix  
  92  6:38  Adept x2  
  96  6:43  Pylon  
  96  6:47  Adept x2  
  96  6:52  Immortal  
  96  6:53  Adept  
  102  6:54  Phoenix  
  102  7:00  Pylon  
  108  7:02  Adept x2  
  112  7:09  Adept x2  
  112  7:14  Photon Cannon  
  116  7:16  Pylon  
  116  7:20  Phoenix, Pylon  
  116  7:22  Adept  
  120  7:23  Adept x2  
  120  7:26  Adept  
  120  7:28  Adept  
  128  7:37  Adept x3  
  134  7:45  Phoenix  
  134  7:48  Adept x4  
  134  7:54  Warp Prism  
  134  7:57  Adept  
  122  8:01  Assimilator  
  122  8:02  Probe x2 (Chrono Boost), Assimilator  
  122  8:03  Probe (Chrono Boost)  
  127  8:08  Adept x2  
  127  8:09  Adept  
  128  8:14  Probe (Chrono Boost)  
  126  8:27  Robotics Bay  
  126  8:28  Pylon  
  126  8:29  Probe x2 (Chrono Boost)  
  126  8:30  Probe (Chrono Boost)  
  126  8:32  Observer  
  133  8:35  Protoss Ground Armor Level 1, Blink  
  133  8:40  Robotics Facility  
  131  8:41  Probe (Chrono Boost)  
  131  8:46  Probe (Chrono Boost)  
  131  8:48  Forge  
  132  9:08  Colossus  
  132  9:11  Nexus  
  132  9:12  Pylon  
  138  9:21  Colossus  
  144  9:31  Extended Thermal Lance  
  144  9:35  Stalker x3, Adept x2  
  144  9:36  Protoss Ground Weapons Level 2  
  142  9:57  Stalker x4  
  150  10:09  Colossus  
  156  10:18  Stalker x2, Adept  
  162  10:22  Adept x3  
  162  10:26  Adept x2  
  162  10:27  Pylon  
  162  10:28  Pylon  
  171  10:41  Stalker  
  171  10:49  Stalker  
  169  10:50  Stalker x3  
  171  11:03  Stalker x3  
  171  11:04  Disruptor  
  174  11:12  Stalker  
  174  11:13  Adept x3  
  174  11:14  Protoss Ground Armor Level 2, Adept  
  184  11:28  Photon Cannon  
  184  11:29  Pylon  
  184  11:39  Stalker x2  
  188  11:40  Stalker x2  
  192  11:47  Disruptor  
  192  11:49  Assimilator  
  190  11:54  Assimilator  
  190  11:57  Stalker  
  190  11:58  Stalker, Adept  
  190  12:01  Probe (Chrono Boost)  
  195  12:19  Stalker x2  
  195  12:20  Stalker, Adept  
  196  12:45  Disruptor  
  196  12:53  Adept x2  
  188  13:08  Stalker x4  
  186  13:17  Stalker x2  
Show
View Real Time Build Order
Export as new Build Order

TYTY Terran 

Build Orders: Reaper Expand, MMM Bio 

Get SALT Encoding   

  12  0:00  SCV  
  13  0:13  SCV  
  14  0:17  Supply Depot  
  14  0:25  SCV  
  15  0:30  Refinery  
  15  0:39  SCV  
  16  0:43  Barracks  
  16  0:51  SCV  
  17  1:03  SCV  
  18  1:15  SCV  
  19  1:30  Orbital Command, Reaper  
  20  1:45  Command Center  
  20  1:54  Factory  
  20  1:57  SCV  
  21  2:03  Refinery  
  21  2:07  Barracks Reactor  
  21  2:13  SCV  
  22  2:16  Supply Depot  
  22  2:25  SCV  
  23  2:38  Starport, SCV  
  23  2:40  Widow Mine  
  26  2:44  Marine  
  26  2:46  Marine  
  26  2:50  SCV  
  29  3:02  Orbital Command, SCV  
  29  3:03  Marine  
  29  3:04  Marine  
  32  3:09  Widow Mine  
  34  3:15  Medivac  
  34  3:18  SCV  
  37  3:21  Marine x2  
  39  3:27  SCV  
  39  3:30  SCV  
  41  3:39  Marine x2, SCV  
  43  3:43  SCV  
  43  3:45  Supply Depot  
  43  3:47  Starport Tech Lab  
  43  3:48  Factory Tech Lab  
  44  3:51  SCV  
  45  3:57  Marine  
  45  4:01  Supply Depot  
  46  4:06  Marine, SCV x2  
  46  4:08  Supply Depot, Raven  
  54  4:18  Marine  
  54  4:21  SCV x2  
  54  4:22  Barracks  
  53  4:24  Marine  
  54  4:33  SCV x2  
  54  4:36  Marine  
  57  4:42  Marine  
  57  4:43  Barracks  
  58  4:50  SCV x2  
  60  4:53  Supply Depot  
  60  4:57  Marine  
  61  5:00  Marine  
  61  5:04  Engineering Bay  
  61  5:05  Factory Reactor, SCV x2, Starport Reactor  
  64  5:09  Marine  
  64  5:10  Stimpack  
  64  5:12  Supply Depot  
  65  5:17  SCV x2  
  65  5:18  Marine x2  
  69  5:27  Marine  
  70  5:29  SCV  
  70  5:30  Refinery  
  71  5:36  Marine, Terran Infantry Weapons Level 1  
  71  5:37  Marine  
  71  5:38  Supply Depot, Marine  
  71  5:41  Medivac x2  
  71  5:42  Widow Mine x2  
  78  5:44  SCV x2  
  78  5:47  Supply Depot  
  84  5:52  Missile Turret  
  84  5:55  Marine x2  
  84  5:56  Combat Shields  
  86  5:59  Marine  
  86  6:00  SCV x2  
  89  6:12  Supply Depot  
  89  6:13  Medivac  
  89  6:14  Command Center  
  89  6:17  Missile Turret  
  91  6:18  Marine x2  
  91  6:19  Marine  
  91  6:22  Medivac  
  96  6:25  Widow Mine x2  
  96  6:32  SCV x2  
  102  6:33  Refinery  
  102  6:40  Marine x4  
  106  6:48  Medivac  
  106  6:52  Barracks x2  
  106  6:53  SCV x2  
  109  6:59  Marine  
  110  7:11  Supply Depot  
  110  7:14  Supply Depot  
  110  7:23  Supply Depot  
  110  7:25  Widow Mine x2, Marine x4  
  110  7:26  Medivac  
  120  7:30  Terran Infantry Armor Level 1  
  116  7:42  Barracks Reactor  
  116  7:43  Marine x2, Barracks Tech Lab  
  118  7:48  SCV x2  
  111  7:54  Marine x2  
  104  7:59  Orbital Command, Liberator x2  
  104  8:00  SCV  
  104  8:05  Armory  
  104  8:08  Engineering Bay, Marauder x2, Marine  
  104  8:12  Marine  
  110  8:14  Widow Mine x2  
  110  8:18  Orbital Command  
  110  8:19  Marine x2  
  118  8:28  Marauder  
  118  8:29  Marauder  
  118  8:30  Marine x2  
  126  8:34  SCV x2  
  126  8:40  Marine x2  
  128  8:42  Supply Depot  
  128  8:46  Marauder, Liberator  
  128  8:47  SCV x2  
  130  8:50  Marauder  
  130  8:53  Terran Infantry Weapons Level 2, Missile Turret  
  130  8:55  Liberator  
  133  8:59  Supply Depot, SCV  
  133  9:01  Marine x4, Missile Turret  
  137  9:04  Marine  
  137  9:07  Marine  
  137  9:08  Refinery  
  142  9:11  Marine  
  146  9:19  Widow Mine, Marine x2  
  149  9:30  SCV  
  146  9:37  Marine x2  
  146  9:38  Marauder x2, Marine  
  150  9:42  SCV x2  
  150  9:43  Terran Infantry Armor Level 2  
  149  9:46  SCV  
  149  9:48  Marine x2  
  149  9:50  Supply Depot  
  152  9:55  Marine x2  
  152  9:57  Command Center  
  152  9:59  Marine x3  
  157  10:05  Starport  
  157  10:06  Marine x2  
  160  10:07  SCV x2  
  160  10:09  Refinery  
  163  10:15  Viking  
  163  10:16  Viking  
  164  10:22  Marine  
  164  10:23  Marauder x2, Marine  
  170  10:31  Terran Ship Weapons Level 1  
  170  10:37  Marauder, Marine  
  173  10:43  Supply Depot  
  173  10:44  Supply Depot, Ghost Academy  
  173  10:47  Marine  
  173  10:48  Marauder  
  173  10:56  Viking  
  173  10:57  Viking  
  173  11:00  Viking  
  173  11:04  Marine x2  
  173  11:05  Marine, Viking  
  167  11:23  Ghost x3  
  169  11:26  Viking  
  169  11:27  Viking  
  169  11:30  Viking  
  175  11:34  Viking  
  171  11:46  Marine x4  
  171  11:56  Marauder x2, Marine, Viking  
  171  11:58  Missile Turret, Refinery  
  178  12:04  Planetary Fortress  
  175  12:09  Concussive Shells  
  175  12:12  SCV x2  
  176  12:17  Liberator x2  
  176  12:18  Marine x2, Viking x2  
  176  12:19  Marauder x2  
  190  12:45  Marine x2  
  190  12:47  SCV x2  
  191  12:52  Ghost x3  
  191  12:56  Marine  
  191  12:57  Marine  
  184  13:07  Viking x2  
  184  13:08  Missile Turret  
  176  13:19  Marine x4  
Tags
 
Add a new tag
Caveats
  • Supply blocks, unpowered buildings, or Contaminate may cause inaccurate times.
  • Supply counts are checked every 10 seconds.